 Dungeon Crawl Stone Soup version 0.29-a0-839-g4793fd635e (webtiles) character file.

Game seed: 8974254510004145100

84 Malachi the Cudgeller (level 4, -6/38 HPs)
             Began as a Ghoul Fighter on July 14, 2022.
             Mangled by Sigmund
             ... wielding a +2 scythe of protection
              (7 damage)
             ... on level 2 of the Dungeon.
             The game lasted 00:01:19 (1177 turns).

Malachi the Cudgeller (Ghoul Fighter)               Turns: 1177, Time: 00:01:19

Health: -6/38      AC:  8    Str: 21    XL:     4   Next: 45%
Magic:  3/3        EV:  7    Int:  3    God:
Gold:   62         SH:  0    Dex:  8    Spells: 3/3 levels left

rFire   . . .      SeeInvis .   a - +0 flail
rCold   + . .      Faith    .   c - +0 buckler
rNeg    + + +      Spirit   .   k - +0 chain mail
rPois   ∞          Reflect  .   (no helmet)
rElec   .          Harm     .   (no cloak)
rCorr   .          Rampage  .   (no gloves)
Will    .....                   (no boots)
Stlth   ..........              (no amulet)
HPRegen 0.00/turn               (no ring)
MPRegen 0.08/turn               (no ring)

@: confused, mighty, inhibited regen
A: claws 1, cold resistance 1, negative energy resistance 3, inhibited
regeneration, torment resistance 2, devour on kill
a: no special abilities


You were on level 2 of the Dungeon.
You visited 1 branch of the dungeon, and saw 2 of its levels.

You collected 62 gold pieces.

Inventory:

Hand Weapons
 a - a +0 flail (weapon)
Armour
 c - a +0 buckler (worn)
 k - a +0 chain mail (worn)
Jewellery
 h - a ring of protection from fire
Scrolls
 e - a scroll of amnesia {unknown}
 f - a scroll of poison {unknown}
 g - 2 scrolls of identify {unknown}
Potions
 i - a potion of haste {unknown}
 j - a potion of degeneration {unknown}


   Skills:
 - Level 3.2 Fighting
 * Level 4.0 Maces & Flails
 - Level 2.6 Armour
 + Level 0.5 Dodging
 - Level 2.7 Shields


You had 3 spell levels left.
You didn't know any spells.
Your spell library contained the following spells:

 Spells                   Type           Power      Damage    Failure   Level
 Confusing Touch          Hex            0%         N/A       100%        3
 Yara's Violent Unravell  Hex/Tmut       0%         3d3       100%        5
 Enfeeble                 Hex            0%         N/A       100%        7


Dungeon Overview and Level Annotations

Branches:
Dungeon (2/15)

Altars:

Annotations:
D:2 Natasha, Sigmund


Innate Abilities, Weirdness & Mutations

You are immune to poison.
You have sharp fingernails.
Your flesh is cold resistant. (rC+)
You are immune to negative energy. (rN+++)
You do not regenerate when monsters are visible.
You are immune to unholy pain and torment.
You thrive by killing the living.


Message History

Natasha mumbles some strange words.
You bump into the rock wall.
The crimson imp blinks!
You miss Sigmund.
Sigmund is lightly wounded.
Sigmund hits you with a +2 scythe of protection.
You miss Sigmund.
Sigmund is lightly wounded.
Sigmund hits you but does no damage.
The crimson imp blinks!
Natasha casts a spell.
Sigmund hits you from afar with a +2 scythe of protection.
You feel less confused. Sigmund casts a spell at you. The magic dart hits you.
Sigmund points at you and mumbles some strange words.
The magic dart hits you but does no damage.
You bludgeon Sigmund!!
Sigmund is almost dead.
Sigmund points at you and mumbles some strange words.
You are confused.
Sigmund laughs darkly.
Sigmund hits you with a +2 scythe of protection!
* * * LOW HITPOINT WARNING * * *
You barely miss Sigmund.
Sigmund is almost dead.
The crimson imp blinks!
You closely miss Sigmund.
Sigmund is almost dead.
The iron imp disappears in a puff of smoke!
Sigmund closely misses you.
You bump into the rock wall.
Sigmund hits you with a +2 scythe of protection!
* * * LOW HITPOINT WARNING * * *
You bump into the rock wall.
The crimson imp laughs crazily.
The crimson imp blinks!
Sigmund gestures wildly while chanting.
Sigmund flickers and vanishes!
Deactivating autopickup; reactivate with Ctrl-A.
Something hits you!
You die...

....#.#....# ###.##...#
###.#.##############...#....#
###.......<......<..........#
...........#######...##.#...#####
...†..[....# #..####.........#
...........# #.## #....>.....#
##....>....# #.# ##..........#
#.........######.###...........#
................@...........)...#
##.........#####.####.#.........#
#........... #{# #.#.........#
............


.hb #.#.........# ...(...........§.. ..########### ###5###..# 5.# .... ..# ....
... You could see Natasha, 2 crimson imps and a bat.

Vanquished Creatures
  Jessica (D:2)
  3 adders (D:2)
  A dart slug (D:1)
  4 endoplasms
  4 goblins
  3 hobgoblins (D:1)
  2 jackals (D:1)
  A kobold (D:2)
  A quokka (D:1)
  2 bats (D:2)
  2 frilled lizards (D:1)
  3 rats
27 creatures vanquished.

Notes
Turn   | Place    | Note
-------+----------+-------------------------------------------
     0 | D:1      | Malachi the Ghoul Fighter began the quest for the Orb.
     0 | D:1      | Reached XP level 1. HP: 19/19 MP: 0/0
   161 | D:1      | Reached skill level 2 in Maces & Flails
   196 | D:1      | Reached XP level 2. HP: 26/26 MP: 1/1
   797 | D:2      | Noticed Jessica
   804 | D:2      | Reached skill level 3 in Maces & Flails
   804 | D:2      | Reached XP level 3. HP: 29/31 MP: 2/2
   823 | D:2      | Killed Jessica
   824 | D:2      | Reached XP level 4. HP: 23/38 MP: 3/3
  1069 | D:2      | Reached skill level 4 in Maces & Flails
  1155 | D:2      | Noticed Sigmund
  1155 | D:2      | Noticed Natasha
  1175 | D:2      | HP: 1/38 [Sigmund/+2 scythe of protection (9)]
  1177 | D:2      | Mangled by Sigmund

Illustrated notes

Levels and vault maps discovered:
D:1:      dpeg_arrival_rooms_b, layout_loops_corners
D:2:      layout_rooms, uniq_sigmund, uniq_jessica, uniq_natasha

Skill      XL: |  1  2  3  4 |
---------------+-------------+-----
Maces & Flails | 2 3 4 |  4.0
Fighting       | |  3.2
Armour         | |  2.6
Dodging        | |  0.5
Shields        | |  2.7

Action                   |  1- 3 |  4- 6 || total
-------------------------+-------+-------++-------
Melee: Flail             |    49 |    52 ||   101
  Use: Potion            |       |     1 ||     1
Armor: Scale mail        |    15 |     9 ||    24
       Chain mail        |       |    19 ||    19
Dodge: Dodged            |    28 |    14 ||    42
Block: Buckler           |    16 |     6 ||    22

Table legend: (Time is in decaauts)
 A = Elapsed time spent in this place.
 B = Non-inter-level travel time spent in this place.
 C = Inter-level travel time spent in this place.
 D = Time resting spent in this place.
 E = Time spent auto-exploring this place.
 F = Levels seen in this place.
 G = Mean time per level.
                   A        B        C        D        E       F      G
               +--------+--------+--------+--------+--------+-----+--------+
         Total |   1206 |   1121 |     85 |      0 |    865 |   2 |  603.0 |
       Dungeon |   1206 |   1121 |     85 |      0 |    865 |   2 |  603.0 |
               +--------+--------+--------+--------+--------+-----+--------+

Top non-repeatable levels by time:
     D:1: 880 daAuts
     D:2: 325 daAuts
